Sarnia Sailors vs Rhode Island Whales
Created - Friday, October 17, 2025 at 07:49
Goals
|
| Sarnia Sailors |
1 |
4 |
1 |
6 |
| Rhode Island Whales |
0 |
1 |
1 |
2 |
|
Shots
|
| Sarnia Sailors |
6 |
28 |
5 |
39 |
| Rhode Island Whales |
7 |
13 |
11 |
31 |
|
1st period
1. Sarnia Sailors , Rory Kerins 31 (Zachary L'Heureux 22) at 3:57
Penalties :
No Penalty
2nd period
2. Sarnia Sailors , Zachary L'Heureux 23 (Jesse Puljujarvi 41) at 0:38 (PP)
3. Sarnia Sailors , Adam Ginning 2 (Rory Kerins 36, Zachary L'Heureux 23) at 9:39 (PP)
4. Rhode Island Whales , Lukas Reichel 38 (Emil Andrae 25) at 11:06
5. Sarnia Sailors , Nate Danielson 29 (Arthur Kaliyev 77, Brad Lambert 75) at 12:53
6. Sarnia Sailors , Nathan Gaucher 9 (Cole Reinhardt 9, Arthur Kaliyev 78) at 14:26
Penalties :
Alex Newhook (RIW) for Tripping (Minor) at 0:03, Frank Nazar (RIW) for Delaying the game (Minor) at 8:41, Ryan O'Rourke (RIW) for Fighting (Major) at 14:27, Nate Danielson (SAR) for Fighting (Major) at 14:27, Owen Pickering (RIW) for Fighting (Major) at 16:34, Cole Reinhardt (SAR) for Fighting (Major) at 16:34
3rd period
7. Sarnia Sailors , Logan Morrison 20 (Declan Chisholm 56, Brad Lambert 76) at 2:36
8. Rhode Island Whales , Cam Lund 32 (Owen Pickering 23, Lukas Reichel 45) at 13:41
Penalties :
Samuel Honzek (RIW) for Fighting (Major) at 1:12, Landon Slaggert (SAR) for Fighting (Major) at 1:12, Isak Rosen (RIW) for Fighting (Major) at 1:47, Cole Reinhardt (SAR) for Fighting (Major) at 1:47, Samuel Honzek (RIW) for Fighting (Major) at 14:08, Zachary L'Heureux (SAR) for Fighting (Major) at 14:08
Goalie Stats
Sebastian Cossa (SAR), 29 saves from 31 shots - (0.935), W, 36-10-1, 60:00 minutes
Cameron Whitehead (RIW), 33 saves from 39 shots - (0.846), L, 39-9-5, 60:00 minutes
Players Stats for Sarnia Sailors
Player Name G A P +/- PIM S H SB GA TA FO MP PP MP PK MP
------------------------------------------------------------------------------------
0 0 0 0 0 0 0 0 0 0 0/0 0:00 0:00 0:00
Adam Ginning 1 0 1 2 0 3 0 4 0 0 0/0 17:31 0:08 0:00
Arthur Kaliyev 0 2 2 0 0 6 0 1 4 0 1/2 20:35 1:14 0:00
Brad Lambert 0 2 2 0 0 4 1 0 0 0 20/30 19:33 1:14 0:00
Cole Reinhardt 0 1 1 1 10 2 3 0 0 0 0/0 8:27 0:00 0:00
Declan Chisholm 0 1 1 1 0 2 0 1 0 1 0/0 28:09 1:25 0:00
Jack Rathbone 0 0 0 -1 0 0 0 1 0 0 0/0 13:58 0:00 0:00
Jeremie Poirier 0 0 0 -1 0 0 2 1 0 0 0/0 14:16 0:00 0:00
Jesse Puljujarvi 0 1 1 0 0 2 1 0 0 0 1/1 16:43 0:19 0:00
Landon Slaggert 0 0 0 0 5 1 5 1 2 0 0/0 13:32 0:00 0:00
Logan Morrison 1 0 1 1 0 1 5 0 4 1 2/4 16:47 0:00 0:00
Nate Danielson 1 0 1 0 5 3 2 0 0 2 0/2 17:35 1:14 0:00
Nathan Gaucher 1 0 1 2 0 1 3 0 0 0 1/1 10:48 0:00 0:00
Nikolas Matinpalo 0 0 0 1 0 4 0 2 1 1 0/0 22:46 1:25 0:00
Rory Kerins 1 1 2 0 0 6 2 0 1 0 5/12 16:28 0:19 0:00
Skyler Brind'Amour 0 0 0 1 0 0 2 0 0 0 0/0 14:27 0:00 0:00
Tristen Nielsen 0 0 0 1 0 0 0 1 0 0 0/0 10:02 0:00 0:00
Tyson Hinds 0 0 0 2 0 0 1 1 0 0 0/0 22:52 0:08 0:00
Zachary L'Heureux 1 2 3 0 5 4 2 1 0 0 0/0 14:50 0:19 0:00
Players Stats for Rhode Island Whales
Player Name G A P +/- PIM S H SB GA TA FO MP PP MP PK MP
------------------------------------------------------------------------------------
0 0 0 0 0 0 0 0 0 0 0/0 0:00 0:00 0:00
Alex Newhook 0 0 0 -1 2 0 0 0 1 0 1/1 16:20 0:00 0:08
Artyom Levshunov 0 0 0 -1 0 0 3 1 0 2 0/0 23:40 0:00 0:43
Cam Lund 1 0 1 1 0 5 1 1 1 0 7/11 20:08 0:00 0:00
Cross Hanas 0 0 0 -1 0 1 0 0 0 0 0/0 4:15 0:00 0:00
Eduard Sale 0 0 0 0 0 0 0 0 0 0 0/1 7:49 0:00 0:00
Emil Andrae 0 1 1 0 0 2 1 1 0 0 0/0 22:05 0:00 0:50
Frank Nazar 0 0 0 -1 2 0 2 0 1 2 12/25 20:44 0:00 0:15
Isak Rosen 0 0 0 1 5 5 3 2 1 2 0/1 19:48 0:00 1:10
Jiri Kulich 0 0 0 -1 0 0 1 1 0 0 2/4 17:23 0:00 1:10
Kevin Korchinski 0 0 0 -1 0 1 0 1 0 0 0/0 16:55 0:00 0:00
Lukas Reichel 1 1 2 1 0 9 3 0 1 1 0/0 20:09 0:00 0:00
Luke Tuch 0 0 0 0 0 0 0 0 0 0 0/0 6:28 0:00 0:00
Oskar Olausson 0 0 0 -2 0 1 2 0 0 0 0/1 15:12 0:00 0:23
Owen Pickering 0 1 1 0 5 3 0 2 0 1 0/0 19:41 0:00 0:50
Pavel Mintyukov 0 0 0 -1 0 0 0 1 0 2 0/0 23:37 0:00 0:43
Ryan O'Rourke 0 0 0 -1 5 0 1 0 0 0 0/0 13:29 0:00 0:00
Ryder Rolston 0 0 0 -2 0 3 0 0 0 1 0/7 18:14 0:00 0:00
Samuel Honzek 0 0 0 -1 10 1 1 1 0 1 0/1 11:44 0:00 0:00
3 Stars
1 - Logan Morrison (SAR)
2 - Nathan Gaucher (SAR)
3 - Rory Kerins (SAR)
Power Play
Sarnia Sailors - 2 on 2 Attempt(s) - 100.00%
Rhode Island Whales - 0 on 0 Attempt(s) - 0.00%
Penalty Kill
Sarnia Sailors - 0 on 0 Attempt(s) - 0.00%
- Score 0 goal in Penalty Kill
Rhode Island Whales - 0 on 2 Attempt(s) - 0.00%
- Score 0 goal in Penalty Kill
Team Stat
Sarnia Sailors - Hits : 29 - Faceoff Wins : 30 - Blocked Shots : 14 - Penalty Minutes : 25
Rhode Island Whales - Hits : 18 - Faceoff Wins : 22 - Blocked Shots : 11 - Penalty Minutes : 29
Official
Referees : Ian Walsh and Kyle Rehman
Linesman : Julien Fournier and Dan Kelly
Game Notes
Ryan O'Rourke beats up Nate Danielson at 14:27 of 2nd period
Owen Pickering and Cole Reinhardt fight to a draw at 16:34 of 2nd period
Landon Slaggert beats up Samuel Honzek at 1:12 of 3rd period
Cole Reinhardt beats up Isak Rosen at 1:47 of 3rd period
Samuel Honzek and Zachary L'Heureux fight to a draw at 14:08 of 3rd period
Sarnia Sailors
5 vs 5 Forward
Center Left Wing Right Wing Time % Phy DF OF
1 Brad Lambert Nate Danielson Arthur Kaliyev 40 2 1 2
2 Rory Kerins Zachary L'Heureux Jesse Puljujarvi 30 2 1 2
3 Logan Morrison Skyler Brind'Amour Landon Slaggert 20 1 2 2
4 Nathan Gaucher Tristen Nielsen Cole Reinhardt 10 2 1 2
5 vs 5 Defense
Defense Defense Time % Phy DF OF
1 Nikolas Matinpalo Declan Chisholm 40 1 2 2
2 Tyson Hinds Adam Ginning 30 2 1 2
3 Jack Rathbone Jeremie Poirier 20 2 2 1
4 Tyson Hinds Declan Chisholm 10 1 2 2
PowerPlay Forward
Center Left Wing Right Wing Time % Phy DF OF
1 Brad Lambert Nate Danielson Arthur Kaliyev 60 0 1 4
2 Rory Kerins Zachary L'Heureux Jesse Puljujarvi 40 0 1 4
PowerPlay Defense
Defense Defense Time % Phy DF OF
1 Nikolas Matinpalo Declan Chisholm 60 1 1 3
2 Tyson Hinds Adam Ginning 40 2 1 2
Penalty Kill 4 Players Forward
Center Wing Time % Phy DF OF
1 Rory Kerins Skyler Brind'Amour 60 2 2 1
2 Logan Morrison Landon Slaggert 40 2 2 1
Penalty Kill 4 Players Defense
Defense Defense Time % Phy DF OF
1 Nikolas Matinpalo Declan Chisholm 60 2 1 2
2 Tyson Hinds Adam Ginning 40 2 2 1
Penalty Kill - 3 Players Forward
Forward Time % Phy DF OF
1 Rory Kerins 60 2 2 1
2 Zachary L'Heureux 40 2 2 1
Penalty Kill - 3 Players Defense
Defense Defense Time % Phy DF OF
1 Nikolas Matinpalo Declan Chisholm 60 2 1 2
2 Tyson Hinds Adam Ginning 40 2 2 1
4 vs 4 Forward
Center Wing Time % Phy DF OF
1 Brad Lambert Nate Danielson 60 2 1 2
2 Rory Kerins Zachary L'Heureux 40 2 1 2
4 vs 4 Defense
Defense Defense Time % Phy DF OF
1 Nikolas Matinpalo Declan Chisholm 60 1 2 2
2 Tyson Hinds Adam Ginning 40 2 1 2
Last Minutes Offensive
Center Left Wing Right Wing Defense Defense
Brad Lambert Zachary L'Heureux Arthur Kaliyev Nikolas Matinpalo Declan Chisholm
Last Minutes Defensive
Center Left Wing Right Wing Defense Defense
Brad Lambert Zachary L'Heureux Arthur Kaliyev Nikolas Matinpalo Declan Chisholm
Goaltenders
Starting : Sebastian Cossa
Backup : Remi Poirier
Extra Forwards
Normal : Logan Morrison, Landon Slaggert, Cole Reinhardt - PP : Nathan Gaucher, Tristen Nielsen - PK : Logan Morrison
Extra Defensemen
Normal : Jack Rathbone, Jeremie Poirier, Nikolas Matinpalo - PP : Jack Rathbone - PK : Jack Rathbone, Jeremie Poirier
Penalty Shots
Brad Lambert, Nate Danielson, Arthur Kaliyev, Jesse Puljujarvi, Rory Kerins
Scratches
Samuel Walker (Healthy), Tyler Boucher (Healthy), Lucas Edmonds (Healthy), Jordan Dumais (Healthy), Ethan Edwards (Healthy)
Dylan Ferguson (Healthy)
Rhode Island Whales
5 vs 5 Forward
Center Left Wing Right Wing Time % Phy DF OF
1 Frank Nazar Alex Newhook Jiri Kulich 30 1 2 2
2 Cam Lund Lukas Reichel Isak Rosen 30 1 2 2
3 Ryder Rolston Samuel Honzek Oskar Olausson 25 1 2 2
4 Frank Nazar Eduard Sale Ryder Rolston 15 1 2 2
5 vs 5 Defense
Defense Defense Time % Phy DF OF
1 Pavel Mintyukov Artyom Levshunov 30 1 2 2
2 Owen Pickering Emil Andrae 30 1 2 2
3 Kevin Korchinski Ryan O'Rourke 25 1 2 2
4 Pavel Mintyukov Artyom Levshunov 15 1 2 2
PowerPlay Forward
Center Left Wing Right Wing Time % Phy DF OF
1 Frank Nazar Alex Newhook Jiri Kulich 50 1 2 2
2 Cam Lund Lukas Reichel Isak Rosen 50 1 2 2
PowerPlay Defense
Defense Defense Time % Phy DF OF
1 Pavel Mintyukov Artyom Levshunov 50 1 2 2
2 Owen Pickering Emil Andrae 50 1 2 2
Penalty Kill 4 Players Forward
Center Wing Time % Phy DF OF
1 Frank Nazar Alex Newhook 50 1 2 2
2 Jiri Kulich Isak Rosen 50 1 2 2
Penalty Kill 4 Players Defense
Defense Defense Time % Phy DF OF
1 Pavel Mintyukov Artyom Levshunov 50 1 2 2
2 Owen Pickering Emil Andrae 50 1 2 2
Penalty Kill - 3 Players Forward
Forward Time % Phy DF OF
1 Frank Nazar 50 1 2 2
2 Alex Newhook 50 1 2 2
Penalty Kill - 3 Players Defense
Defense Defense Time % Phy DF OF
1 Pavel Mintyukov Artyom Levshunov 50 1 2 2
2 Owen Pickering Emil Andrae 50 1 2 2
4 vs 4 Forward
Center Wing Time % Phy DF OF
1 Frank Nazar Alex Newhook 50 1 2 2
2 Jiri Kulich Isak Rosen 50 1 2 2
4 vs 4 Defense
Defense Defense Time % Phy DF OF
1 Pavel Mintyukov Artyom Levshunov 50 1 2 2
2 Owen Pickering Emil Andrae 50 1 2 2
Last Minutes Offensive
Center Left Wing Right Wing Defense Defense
Frank Nazar Alex Newhook Jiri Kulich Pavel Mintyukov Artyom Levshunov
Last Minutes Defensive
Center Left Wing Right Wing Defense Defense
Frank Nazar Alex Newhook Jiri Kulich Pavel Mintyukov Artyom Levshunov
Goaltenders
Starting : Cameron Whitehead
Backup : Unknown Goalie
Extra Forwards
Normal : Luke Tuch, Cross Hanas, Oskar Olausson - PP : Luke Tuch, Cross Hanas - PK : Oskar Olausson
Extra Defensemen
Normal : Kevin Korchinski, Ryan O'Rourke, Owen Pickering - PP : Kevin Korchinski - PK : Ryan O'Rourke, Owen Pickering
Penalty Shots
Frank Nazar, Alex Newhook, Jiri Kulich, Isak Rosen, Lukas Reichel
Scratches
Calle Odelius (Healthy), Mitchell Weeks (Healthy)
% Time on Ice - Sarnia Sailors
Lines # - Real PCT - Wanted PCT - Time Play
Normal Forward
1 - 29% - 40% - 17:06
2 - 30% - 30% - 17:47
3 - 25% - 20% - 14:27
4 - 16% - 10% - 9:07
Normal Defense
1 - 34% - 40% - 19:40
2 - 27% - 30% - 15:38
3 - 25% - 20% - 14:49
4 - 14% - 10% - 8:20
PP Forward
1 - 80% - 60% - 1:14
2 - 20% - 40% - 0:19
PP Defense
1 - 91% - 60% - 1:25
2 - 9% - 40% - 0:08
PK Forward
1 - 0% - 60%
2 - 0% - 40%
PK Defense
1 - 0% - 60%
2 - 0% - 40%
PK3 Forward
1 - 0% - 60%
2 - 0% - 40%
PK3 Defense
1 - 0% - 60%
2 - 0% - 40%
44 Forward
1 - 0% - 60%
2 - 0% - 40%
44 Defense
1 - 0% - 60%
2 - 0% - 40%
Last Minute Offensive - 0:00
Last Minute Defensive - 0:00
Total
Forward - 60:00
Defense - 60:00
|
% Time on Ice - Rhode Island Whales
Lines # - Real PCT - Wanted PCT - Time Play
Normal Forward
1 - 26% - 30% - 15:12
2 - 35% - 30% - 20:14
3 - 28% - 25% - 16:09
4 - 12% - 15% - 6:52
Normal Defense
1 - 28% - 30% - 16:09
2 - 33% - 30% - 19:21
3 - 27% - 25% - 15:44
4 - 12% - 15% - 7:13
PP Forward
1 - 0% - 50%
2 - 0% - 50%
PP Defense
1 - 0% - 50%
2 - 0% - 50%
PK Forward
1 - 25% - 50% - 0:23
2 - 75% - 50% - 1:10
PK Defense
1 - 46% - 50% - 0:43
2 - 54% - 50% - 0:50
PK3 Forward
1 - 0% - 50%
2 - 0% - 50%
PK3 Defense
1 - 0% - 50%
2 - 0% - 50%
44 Forward
1 - 0% - 50%
2 - 0% - 50%
44 Defense
1 - 0% - 50%
2 - 0% - 50%
Last Minute Offensive - 0:00
Last Minute Defensive - 0:00
Total
Forward - 60:00
Defense - 60:00
|
Play-by-Play
1st period
0:01 of 1st period - Brad Lambert wins face-off versus Frank Nazar in neutral zone.
0:28 of 1st period - Icing by Nikolas Matinpalo.
0:29 of 1st period - Cam Lund wins face-off versus Rory Kerins in Sarnia Sailors zone.
0:30 of 1st period - Snap shot by Lukas Reichel.
0:30 of 1st period - Stopped by Sebastian Cossa with a rebound.
1:51 of 1st period - Snap shot by Brad Lambert.
1:51 of 1st period - Deflect By Arthur Kaliyev.
1:51 of 1st period - Shot Misses the Net.
1:51 of 1st period - Puck is out of play.
1:52 of 1st period - Brad Lambert wins face-off versus Ryder Rolston in Rhode Island Whales zone.
2:57 of 1st period - Cam Lund is hit by Jeremie Poirier and loses puck.
3:10 of 1st period - Wrist shot by Cam Lund.
3:10 of 1st period - Stopped by Sebastian Cossa with a rebound.
3:12 of 1st period - Slapshot by Pavel Mintyukov.
3:12 of 1st period - Deflect By Cam Lund.
3:12 of 1st period - Stopped by Sebastian Cossa with a rebound.
3:14 of 1st period - Slapshot by Artyom Levshunov.
3:14 of 1st period - Deflect By Cam Lund.
3:14 of 1st period - Shot Hit the Post.
3:14 of 1st period - Puck is out of play.
3:15 of 1st period - Rory Kerins wins face-off versus Ryder Rolston in Sarnia Sailors zone.
3:15 of 1st period - Rory Kerins is hit by Emil Andrae.
3:23 of 1st period - Wrist shot by Jesse Puljujarvi.
3:23 of 1st period - Deflect By Rory Kerins.
3:23 of 1st period - Shot Misses the Net.
3:23 of 1st period - Puck is out of play.
3:24 of 1st period - Rory Kerins wins face-off versus Ryder Rolston in Rhode Island Whales zone.
3:29 of 1st period - Snap shot by Zachary L'Heureux.
3:29 of 1st period - Shot Blocked by Samuel Honzek.
3:31 of 1st period - Wrist shot by Jesse Puljujarvi.
3:31 of 1st period - Stopped by Cameron Whitehead with a rebound.
3:33 of 1st period - Slapshot by Adam Ginning.
3:33 of 1st period - Deflect By Emil Andrae.
3:33 of 1st period - Stopped by Cameron Whitehead with a rebound.
3:55 of 1st period - Wrist shot by Rory Kerins.
3:55 of 1st period - Stopped by Cameron Whitehead with a rebound.
3:57 of 1st period - Wrist shot by Rory Kerins.
3:57 of 1st period - Goal by Rory Kerins - Sarnia Sailors : 1 - Rhode Island Whales : 0.
3:58 of 1st period - Brad Lambert wins face-off versus Frank Nazar in neutral zone.
5:30 of 1st period - Snap shot by Samuel Honzek.
5:30 of 1st period - Shot Misses the Net.
5:32 of 1st period - Wrist shot by Ryder Rolston.
5:32 of 1st period - Stopped by Sebastian Cossa with a rebound.
5:34 of 1st period - Wrist shot by Ryder Rolston.
5:34 of 1st period - Stopped by Sebastian Cossa with a rebound.
6:05 of 1st period - Kevin Korchinski is hit by Cole Reinhardt and loses puck.
7:40 of 1st period - Slapshot by Emil Andrae.
7:40 of 1st period - Stopped by Sebastian Cossa with a rebound.
7:42 of 1st period - Slapshot by Owen Pickering.
7:42 of 1st period - Deflect By Cross Hanas.
7:42 of 1st period - Stopped by Sebastian Cossa with a rebound.
8:05 of 1st period - Icing by Owen Pickering.
8:06 of 1st period - Cam Lund wins face-off versus Rory Kerins in Rhode Island Whales zone.
8:06 of 1st period - Cam Lund is hit by Zachary L'Heureux.
8:09 of 1st period - Icing by Isak Rosen.
8:10 of 1st period - Rory Kerins wins face-off versus Cam Lund in Rhode Island Whales zone.
8:18 of 1st period - Wrist shot by Zachary L'Heureux.
8:18 of 1st period - Stopped by Cameron Whitehead with a rebound.
8:20 of 1st period - Snap shot by Jesse Puljujarvi.
8:20 of 1st period - Shot Misses the Net.
8:34 of 1st period - Wrist shot by Cam Lund.
8:34 of 1st period - Shot Misses the Net.
8:48 of 1st period - Backhand shot by Jesse Puljujarvi.
8:48 of 1st period - Shot Misses the Net.
8:58 of 1st period - Snap shot by Jesse Puljujarvi.
8:58 of 1st period - Stopped by Cameron Whitehead without a rebound.
8:59 of 1st period - Frank Nazar wins face-off versus Brad Lambert in Rhode Island Whales zone.
9:24 of 1st period - Samuel Honzek is hit by Skyler Brind'Amour and loses puck.
10:21 of 1st period - Pavel Mintyukov is hit by Logan Morrison.
12:12 of 1st period - Luke Tuch is hit by Nate Danielson and loses puck.
12:35 of 1st period - Tyson Hinds is hit by Isak Rosen and loses puck.
14:24 of 1st period - Arthur Kaliyev is hit by Oskar Olausson and loses puck.
15:29 of 1st period - Pavel Mintyukov is hit by Landon Slaggert and loses puck.
15:59 of 1st period - Isak Rosen is hit by Tyson Hinds and loses puck.
16:32 of 1st period - Landon Slaggert is hit by Isak Rosen and loses puck.
16:45 of 1st period - Owen Pickering is hit by Logan Morrison and loses puck.
17:00 of 1st period - Declan Chisholm is hit by Samuel Honzek and loses puck.
17:44 of 1st period - Jiri Kulich is hit by Landon Slaggert and loses puck.
17:59 of 1st period - Oskar Olausson is hit by Brad Lambert and loses puck.
18:04 of 1st period - Wrist shot by Brad Lambert.
18:04 of 1st period - Shot Misses the Net.
18:18 of 1st period - Alex Newhook is hit by Cole Reinhardt.
18:34 of 1st period - Adam Ginning is hit by Artyom Levshunov and loses puck.
19:35 of 1st period - Icing by Tyson Hinds.
19:36 of 1st period - Cam Lund wins face-off versus Nate Danielson in Sarnia Sailors zone.
Goals for this period are 1 for Sarnia Sailors vs 0 for Rhode Island Whales.
Shots for this period are 6 for Sarnia Sailors vs 7 for Rhode Island Whales.
2nd period
0:01 of 2nd period - Frank Nazar wins face-off versus Brad Lambert in neutral zone.
0:03 of 2nd period - Minor Penalty to Alex Newhook for Tripping.
0:04 of 2nd period - Brad Lambert wins face-off versus Frank Nazar in Rhode Island Whales zone.
0:08 of 2nd period - Wrist shot by Nate Danielson.
0:08 of 2nd period - Deflect By Brad Lambert.
0:08 of 2nd period - Shot Misses the Net.
0:08 of 2nd period - Puck is out of play.
0:09 of 2nd period - Frank Nazar wins face-off versus Brad Lambert in Rhode Island Whales zone.
0:20 of 2nd period - Wrist shot by Declan Chisholm.
0:20 of 2nd period - Stopped by Cameron Whitehead with a rebound.
0:22 of 2nd period - Wrist shot by Arthur Kaliyev.
0:22 of 2nd period - Stopped by Cameron Whitehead with a rebound.
0:24 of 2nd period - Slapshot by Nate Danielson.
0:24 of 2nd period - Deflect By Arthur Kaliyev.
0:24 of 2nd period - Stopped by Cameron Whitehead with a rebound.
0:38 of 2nd period - Wrist shot by Zachary L'Heureux.
0:38 of 2nd period - Goal by Zachary L'Heureux - Sarnia Sailors : 2 - Rhode Island Whales : 0.
0:39 of 2nd period - Brad Lambert wins face-off versus Frank Nazar in neutral zone.
0:48 of 2nd period - Arthur Kaliyev is hit by Jiri Kulich and loses puck.
1:13 of 2nd period - Wrist shot by Jesse Puljujarvi.
1:13 of 2nd period - Shot Misses the Net.
1:15 of 2nd period - Snap shot by Rory Kerins.
1:15 of 2nd period - Stopped by Cameron Whitehead with a rebound.
2:08 of 2nd period - Snap shot by Rory Kerins.
2:08 of 2nd period - Stopped by Cameron Whitehead with a rebound.
2:28 of 2nd period - Slapshot by Brad Lambert.
2:28 of 2nd period - Stopped by Cameron Whitehead without a rebound.
2:29 of 2nd period - Brad Lambert wins face-off versus Cam Lund in Rhode Island Whales zone.
2:45 of 2nd period - Slapshot by Lukas Reichel.
2:45 of 2nd period - Stopped by Sebastian Cossa with a rebound.
2:47 of 2nd period - Snap shot by Lukas Reichel.
2:47 of 2nd period - Shot Blocked by Declan Chisholm.
2:49 of 2nd period - Snap shot by Lukas Reichel.
2:49 of 2nd period - Stopped by Sebastian Cossa without a rebound.
2:50 of 2nd period - Frank Nazar wins face-off versus Rory Kerins in Sarnia Sailors zone.
3:20 of 2nd period - Samuel Honzek is hit by Jeremie Poirier and loses puck.
3:59 of 2nd period - Slapshot by Lukas Reichel.
3:59 of 2nd period - Stopped by Sebastian Cossa with a rebound.
4:05 of 2nd period - Emil Andrae is hit by Cole Reinhardt and loses puck.
4:20 of 2nd period - Snap shot by Oskar Olausson.
4:20 of 2nd period - Shot Blocked by Nikolas Matinpalo.
4:22 of 2nd period - Wrist shot by Owen Pickering.
4:22 of 2nd period - Stopped by Sebastian Cossa without a rebound.
4:23 of 2nd period - Brad Lambert wins face-off versus Samuel Honzek in Sarnia Sailors zone.
4:30 of 2nd period - Slapshot by Nikolas Matinpalo.
4:30 of 2nd period - Deflect By Oskar Olausson.
4:30 of 2nd period - Stopped by Cameron Whitehead without a rebound.
4:31 of 2nd period - Brad Lambert wins face-off versus Frank Nazar in Rhode Island Whales zone.
4:48 of 2nd period - Arthur Kaliyev is hit by Frank Nazar and loses puck.
5:29 of 2nd period - Snap shot by Rory Kerins.
5:29 of 2nd period - Stopped by Cameron Whitehead without a rebound.
5:30 of 2nd period - Frank Nazar wins face-off versus Rory Kerins in Rhode Island Whales zone.
5:35 of 2nd period - Wrist shot by Zachary L'Heureux.
5:35 of 2nd period - Stopped by Cameron Whitehead with a rebound.
5:41 of 2nd period - Snap shot by Zachary L'Heureux.
5:41 of 2nd period - Stopped by Cameron Whitehead without a rebound.
5:42 of 2nd period - Jesse Puljujarvi wins face-off versus Eduard Sale in Rhode Island Whales zone.
5:55 of 2nd period - Snap shot by Jesse Puljujarvi.
5:55 of 2nd period - Shot Misses the Net.
6:09 of 2nd period - Skyler Brind'Amour is hit by Artyom Levshunov and loses puck.
6:14 of 2nd period - Snap shot by Lukas Reichel.
6:14 of 2nd period - Stopped by Sebastian Cossa without a rebound.
6:15 of 2nd period - Frank Nazar wins face-off versus Brad Lambert in Sarnia Sailors zone.
6:49 of 2nd period - Wrist shot by Jesse Puljujarvi.
6:49 of 2nd period - Shot Misses the Net.
7:31 of 2nd period - Wrist shot by Cole Reinhardt.
7:31 of 2nd period - Shot Blocked by Emil Andrae.
7:33 of 2nd period - Slapshot by Nikolas Matinpalo.
7:33 of 2nd period - Stopped by Cameron Whitehead without a rebound.
7:34 of 2nd period - Brad Lambert wins face-off versus Ryder Rolston in Rhode Island Whales zone.
7:35 of 2nd period - Wrist shot by Arthur Kaliyev.
7:35 of 2nd period - Stopped by Cameron Whitehead without a rebound.
7:36 of 2nd period - Brad Lambert wins face-off versus Ryder Rolston in Rhode Island Whales zone.
8:25 of 2nd period - Slapshot by Cole Reinhardt.
8:25 of 2nd period - Shot Misses the Net.
8:29 of 2nd period - Snap shot by Cole Reinhardt.
8:29 of 2nd period - Shot Misses the Net.
8:41 of 2nd period - Minor Penalty to Frank Nazar for Delaying the game.
8:42 of 2nd period - Brad Lambert wins face-off versus Jiri Kulich in Rhode Island Whales zone.
8:51 of 2nd period - Wrist shot by Arthur Kaliyev.
8:51 of 2nd period - Stopped by Cameron Whitehead without a rebound.
8:52 of 2nd period - Brad Lambert wins face-off versus Jiri Kulich in Rhode Island Whales zone.
9:07 of 2nd period - Wrist shot by Nate Danielson.
9:07 of 2nd period - Shot Misses the Net.
9:09 of 2nd period - Snap shot by Arthur Kaliyev.
9:09 of 2nd period - Shot Blocked by Owen Pickering.
9:15 of 2nd period - Wrist shot by Brad Lambert.
9:15 of 2nd period - Shot Misses the Net.
9:17 of 2nd period - Slapshot by Nate Danielson.
9:17 of 2nd period - Stopped by Cameron Whitehead with a rebound.
9:19 of 2nd period - Snap shot by Nate Danielson.
9:19 of 2nd period - Shot Misses the Net.
9:21 of 2nd period - Wrist shot by Arthur Kaliyev.
9:21 of 2nd period - Stopped by Cameron Whitehead with a rebound.
9:23 of 2nd period - Slapshot by Nikolas Matinpalo.
9:23 of 2nd period - Shot Misses the Net.
9:25 of 2nd period - Slapshot by Declan Chisholm.
9:25 of 2nd period - Stopped by Cameron Whitehead with a rebound.
9:27 of 2nd period - Snap shot by Declan Chisholm.
9:27 of 2nd period - Shot Blocked by Owen Pickering.
9:29 of 2nd period - Slapshot by Nikolas Matinpalo.
9:29 of 2nd period - Shot Blocked by Isak Rosen.
9:31 of 2nd period - Backhand shot by Nikolas Matinpalo.
9:31 of 2nd period - Stopped by Cameron Whitehead without a rebound.
9:32 of 2nd period - Rory Kerins wins face-off versus Oskar Olausson in Rhode Island Whales zone.
9:35 of 2nd period - Snap shot by Zachary L'Heureux.
9:35 of 2nd period - Shot Misses the Net.
9:37 of 2nd period - Snap shot by Rory Kerins.
9:37 of 2nd period - Shot Misses the Net.
9:39 of 2nd period - Wrist shot by Adam Ginning.
9:39 of 2nd period - Goal by Adam Ginning - Sarnia Sailors : 3 - Rhode Island Whales : 0.
9:40 of 2nd period - Frank Nazar wins face-off versus Brad Lambert in neutral zone.
9:49 of 2nd period - Snap shot by Frank Nazar.
9:49 of 2nd period - Shot Misses the Net.
10:02 of 2nd period - Icing by Declan Chisholm.
10:03 of 2nd period - Cam Lund wins face-off versus Rory Kerins in Sarnia Sailors zone.
10:04 of 2nd period - Snap shot by Lukas Reichel.
10:04 of 2nd period - Stopped by Sebastian Cossa with a rebound.
10:06 of 2nd period - Snap shot by Isak Rosen.
10:06 of 2nd period - Stopped by Sebastian Cossa with a rebound.
10:08 of 2nd period - Snap shot by Owen Pickering.
10:08 of 2nd period - Stopped by Sebastian Cossa without a rebound.
10:09 of 2nd period - Cam Lund wins face-off versus Rory Kerins in Sarnia Sailors zone.
10:16 of 2nd period - Wrist shot by Cam Lund.
10:16 of 2nd period - Shot Blocked by Nikolas Matinpalo.
11:06 of 2nd period - Wrist shot by Lukas Reichel.
11:06 of 2nd period - Goal by Lukas Reichel - Sarnia Sailors : 3 - Rhode Island Whales : 1.
11:07 of 2nd period - Arthur Kaliyev wins face-off versus Frank Nazar in neutral zone.
11:10 of 2nd period - Wrist shot by Nate Danielson.
11:10 of 2nd period - Stopped by Cameron Whitehead with a rebound.
11:12 of 2nd period - Slapshot by Adam Ginning.
11:12 of 2nd period - Stopped by Cameron Whitehead with a rebound.
11:32 of 2nd period - Frank Nazar is hit by Landon Slaggert and loses puck.
11:55 of 2nd period - Wrist shot by Samuel Honzek.
11:55 of 2nd period - Shot Blocked by Tristen Nielsen.
12:08 of 2nd period - Nate Danielson is hit by Isak Rosen and loses puck.
12:29 of 2nd period - Snap shot by Cole Reinhardt.
12:29 of 2nd period - Stopped by Cameron Whitehead with a rebound.
12:35 of 2nd period - Wrist shot by Cole Reinhardt.
12:35 of 2nd period - Shot Blocked by Jiri Kulich.
12:37 of 2nd period - Snap shot by Cole Reinhardt.
12:37 of 2nd period - Stopped by Cameron Whitehead without a rebound.
12:38 of 2nd period - Brad Lambert wins face-off versus Cam Lund in Rhode Island Whales zone.
12:41 of 2nd period - Snap shot by Arthur Kaliyev.
12:41 of 2nd period - Stopped by Cameron Whitehead without a rebound.
12:42 of 2nd period - Brad Lambert wins face-off versus Cam Lund in Rhode Island Whales zone.
12:49 of 2nd period - Wrist shot by Brad Lambert.
12:49 of 2nd period - Stopped by Cameron Whitehead with a rebound.
12:51 of 2nd period - Wrist shot by Brad Lambert.
12:51 of 2nd period - Stopped by Cameron Whitehead with a rebound.
12:53 of 2nd period - Snap shot by Arthur Kaliyev.
12:53 of 2nd period - Deflect By Nate Danielson.
12:53 of 2nd period - Goal by Nate Danielson - Sarnia Sailors : 4 - Rhode Island Whales : 1.
12:54 of 2nd period - Frank Nazar wins face-off versus Brad Lambert in neutral zone.
12:57 of 2nd period - Declan Chisholm is hit by Artyom Levshunov.
13:19 of 2nd period - Frank Nazar is hit by Logan Morrison and loses puck.
13:30 of 2nd period - Snap shot by Landon Slaggert.
13:30 of 2nd period - Shot Blocked by Pavel Mintyukov.
13:47 of 2nd period - Snap shot by Lukas Reichel.
13:47 of 2nd period - Shot Blocked by Zachary L'Heureux.
13:51 of 2nd period - Wrist shot by Isak Rosen.
13:51 of 2nd period - Shot Misses the Net.
13:53 of 2nd period - Snap shot by Isak Rosen.
13:53 of 2nd period - Shot Misses the Net.
14:26 of 2nd period - Snap shot by Nathan Gaucher.
14:26 of 2nd period - Goal by Nathan Gaucher - Sarnia Sailors : 5 - Rhode Island Whales : 1.
14:27 of 2nd period - Brad Lambert wins face-off versus Ryder Rolston in neutral zone.
14:27 of 2nd period - Ryan O'Rourke beats up Nate Danielson.
14:27 of 2nd period - Penalty to Ryan O'Rourke for Fighting.
14:27 of 2nd period - Penalty to Nate Danielson for Fighting.
14:28 of 2nd period - Frank Nazar wins face-off versus Brad Lambert in neutral zone.
16:05 of 2nd period - Rory Kerins is hit by Lukas Reichel and loses puck.
16:16 of 2nd period - Artyom Levshunov is hit by Zachary L'Heureux and loses puck.
16:27 of 2nd period - Slapshot by Samuel Honzek.
16:27 of 2nd period - Shot Blocked by Arthur Kaliyev.
16:33 of 2nd period - Wrist shot by Alex Newhook.
16:33 of 2nd period - Deflect By Frank Nazar.
16:33 of 2nd period - Shot Misses the Net.
16:33 of 2nd period - Puck is out of play.
16:34 of 2nd period - Nathan Gaucher wins face-off versus Frank Nazar in Sarnia Sailors zone.
16:34 of 2nd period - Owen Pickering and Cole Reinhardt fight to a draw.
16:34 of 2nd period - Penalty to Owen Pickering for Fighting.
16:34 of 2nd period - Penalty to Cole Reinhardt for Fighting.
16:35 of 2nd period - Brad Lambert wins face-off versus Frank Nazar in Sarnia Sailors zone.
17:19 of 2nd period - Snap shot by Samuel Honzek.
17:19 of 2nd period - Shot Blocked by Jack Rathbone.
17:21 of 2nd period - Wrist shot by Cam Lund.
17:21 of 2nd period - Stopped by Sebastian Cossa with a rebound.
17:23 of 2nd period - Snap shot by Cam Lund.
17:23 of 2nd period - Shot Misses the Net.
17:25 of 2nd period - Snap shot by Lukas Reichel.
17:25 of 2nd period - Stopped by Sebastian Cossa with a rebound.
17:27 of 2nd period - Slapshot by Isak Rosen.
17:27 of 2nd period - Shot Blocked by Jeremie Poirier.
17:29 of 2nd period - Snap shot by Isak Rosen.
17:29 of 2nd period - Shot Misses the Net.
17:31 of 2nd period - Slapshot by Kevin Korchinski.
17:31 of 2nd period - Stopped by Sebastian Cossa without a rebound.
17:32 of 2nd period - Frank Nazar wins face-off versus Brad Lambert in Sarnia Sailors zone.
18:17 of 2nd period - Snap shot by Lukas Reichel.
18:17 of 2nd period - Shot Blocked by Adam Ginning.
18:19 of 2nd period - Snap shot by Cam Lund.
18:19 of 2nd period - Shot Blocked by Tyson Hinds.
18:21 of 2nd period - Snap shot by Lukas Reichel.
18:21 of 2nd period - Shot Blocked by Adam Ginning.
18:23 of 2nd period - Wrist shot by Isak Rosen.
18:23 of 2nd period - Stopped by Sebastian Cossa with a rebound.
18:25 of 2nd period - Slapshot by Artyom Levshunov.
18:25 of 2nd period - Shot Blocked by Adam Ginning.
18:53 of 2nd period - Jesse Puljujarvi is hit by Frank Nazar and loses puck.
19:16 of 2nd period - Cam Lund is hit by Nathan Gaucher and loses puck.
Goals for this period are 4 for Sarnia Sailors vs 1 for Rhode Island Whales.
Shots for this period are 28 for Sarnia Sailors vs 13 for Rhode Island Whales.
3rd period
0:01 of 3rd period - Brad Lambert wins face-off versus Frank Nazar in neutral zone.
0:14 of 3rd period - Slapshot by Brad Lambert.
0:14 of 3rd period - Shot Misses the Net.
0:47 of 3rd period - Snap shot by Nathan Gaucher.
0:47 of 3rd period - Shot Blocked by Isak Rosen.
0:49 of 3rd period - Snap shot by Tristen Nielsen.
0:49 of 3rd period - Shot Misses the Net.
0:51 of 3rd period - Slapshot by Tristen Nielsen.
0:51 of 3rd period - Shot Blocked by Cam Lund.
0:53 of 3rd period - Snap shot by Nathan Gaucher.
0:53 of 3rd period - Shot Blocked by Artyom Levshunov.
1:11 of 3rd period - Backhand shot by Jesse Puljujarvi.
1:11 of 3rd period - Deflect By Rory Kerins.
1:11 of 3rd period - Stopped by Cameron Whitehead without a rebound.
1:12 of 3rd period - Logan Morrison wins face-off versus Ryder Rolston in Rhode Island Whales zone.
1:12 of 3rd period - Landon Slaggert beats up Samuel Honzek.
1:12 of 3rd period - Penalty to Samuel Honzek for Fighting.
1:12 of 3rd period - Penalty to Landon Slaggert for Fighting.
1:13 of 3rd period - Brad Lambert wins face-off versus Frank Nazar in Rhode Island Whales zone.
1:18 of 3rd period - Wrist shot by Nate Danielson.
1:18 of 3rd period - Deflect By Brad Lambert.
1:18 of 3rd period - Stopped by Cameron Whitehead with a rebound.
1:22 of 3rd period - Slapshot by Arthur Kaliyev.
1:22 of 3rd period - Shot Misses the Net.
1:24 of 3rd period - Slapshot by Nikolas Matinpalo.
1:24 of 3rd period - Stopped by Cameron Whitehead with a rebound.
1:26 of 3rd period - Snap shot by Arthur Kaliyev.
1:26 of 3rd period - Shot Blocked by Kevin Korchinski.
1:40 of 3rd period - Declan Chisholm is hit by Lukas Reichel.
1:47 of 3rd period - Cole Reinhardt beats up Isak Rosen.
1:47 of 3rd period - Penalty to Isak Rosen for Fighting.
1:47 of 3rd period - Penalty to Cole Reinhardt for Fighting.
1:48 of 3rd period - Alex Newhook wins face-off versus Arthur Kaliyev in Rhode Island Whales zone.
2:13 of 3rd period - Nate Danielson is hit by Lukas Reichel and loses puck.
2:36 of 3rd period - Slapshot by Declan Chisholm.
2:36 of 3rd period - Deflect By Logan Morrison.
2:36 of 3rd period - Goal by Logan Morrison - Sarnia Sailors : 6 - Rhode Island Whales : 1.
2:37 of 3rd period - Frank Nazar wins face-off versus Rory Kerins in neutral zone.
3:02 of 3rd period - Pavel Mintyukov is hit by Logan Morrison and loses puck.
4:37 of 3rd period - Snap shot by Alex Newhook.
4:37 of 3rd period - Shot Misses the Net.
5:31 of 3rd period - Alex Newhook is hit by Rory Kerins and loses puck.
5:57 of 3rd period - Icing by Adam Ginning.
5:58 of 3rd period - Logan Morrison wins face-off versus Frank Nazar in Sarnia Sailors zone.
5:58 of 3rd period - Logan Morrison is hit by Ryan O'Rourke.
6:34 of 3rd period - Jesse Puljujarvi is hit by Oskar Olausson and loses puck.
6:51 of 3rd period - Wrist shot by Samuel Honzek.
6:51 of 3rd period - Stopped by Sebastian Cossa with a rebound.
6:57 of 3rd period - Snap shot by Oskar Olausson.
6:57 of 3rd period - Stopped by Sebastian Cossa with a rebound.
7:35 of 3rd period - Off-side.
7:36 of 3rd period - Rory Kerins wins face-off versus Frank Nazar in neutral zone.
7:39 of 3rd period - Frank Nazar is hit by Rory Kerins and loses puck.
8:00 of 3rd period - Nikolas Matinpalo is hit by Cam Lund and loses puck.
8:06 of 3rd period - Off-side.
8:07 of 3rd period - Cam Lund wins face-off versus Logan Morrison in neutral zone.
8:14 of 3rd period - Slapshot by Emil Andrae.
8:14 of 3rd period - Shot Blocked by Adam Ginning.
8:16 of 3rd period - Snap shot by Isak Rosen.
8:16 of 3rd period - Deflect By Cam Lund.
8:16 of 3rd period - Stopped by Sebastian Cossa without a rebound.
8:17 of 3rd period - Cam Lund wins face-off versus Logan Morrison in Sarnia Sailors zone.
8:18 of 3rd period - Snap shot by Isak Rosen.
8:18 of 3rd period - Stopped by Sebastian Cossa with a rebound.
8:41 of 3rd period - Emil Andrae is hit by Landon Slaggert and loses puck.
8:56 of 3rd period - Cam Lund is hit by Skyler Brind'Amour and loses puck.
9:11 of 3rd period - Wrist shot by Isak Rosen.
9:11 of 3rd period - Shot Blocked by Landon Slaggert.
9:41 of 3rd period - Backhand shot by Tyson Hinds.
9:41 of 3rd period - Shot Misses the Net.
9:43 of 3rd period - Wrist shot by Declan Chisholm.
9:43 of 3rd period - Shot Misses the Net.
9:45 of 3rd period - Slapshot by Tyson Hinds.
9:45 of 3rd period - Shot Misses the Net.
9:47 of 3rd period - Wrist shot by Landon Slaggert.
9:47 of 3rd period - Shot Misses the Net.
10:01 of 3rd period - Snap shot by Landon Slaggert.
10:01 of 3rd period - Stopped by Cameron Whitehead with a rebound.
10:32 of 3rd period - Owen Pickering is hit by Landon Slaggert and loses puck.
11:52 of 3rd period - Snap shot by Lukas Reichel.
11:52 of 3rd period - Shot Misses the Net.
12:02 of 3rd period - Owen Pickering is hit by Logan Morrison and loses puck.
12:21 of 3rd period - Snap shot by Isak Rosen.
12:21 of 3rd period - Stopped by Sebastian Cossa with a rebound.
13:16 of 3rd period - Icing by Emil Andrae.
13:17 of 3rd period - Brad Lambert wins face-off versus Isak Rosen in Rhode Island Whales zone.
13:25 of 3rd period - Snap shot by Isak Rosen.
13:25 of 3rd period - Stopped by Sebastian Cossa with a rebound.
13:27 of 3rd period - Slapshot by Emil Andrae.
13:27 of 3rd period - Stopped by Sebastian Cossa with a rebound.
13:37 of 3rd period - Snap shot by Lukas Reichel.
13:37 of 3rd period - Stopped by Sebastian Cossa with a rebound.
13:39 of 3rd period - Slapshot by Owen Pickering.
13:39 of 3rd period - Stopped by Sebastian Cossa with a rebound.
13:41 of 3rd period - Snap shot by Cam Lund.
13:41 of 3rd period - Goal by Cam Lund - Sarnia Sailors : 6 - Rhode Island Whales : 2.
13:42 of 3rd period - Frank Nazar wins face-off versus Brad Lambert in neutral zone.
14:08 of 3rd period - Samuel Honzek and Zachary L'Heureux fight to a draw.
14:08 of 3rd period - Penalty to Samuel Honzek for Fighting.
14:08 of 3rd period - Penalty to Zachary L'Heureux for Fighting.
14:09 of 3rd period - Jiri Kulich wins face-off versus Brad Lambert in neutral zone.
14:19 of 3rd period - Off-side.
14:20 of 3rd period - Brad Lambert wins face-off versus Frank Nazar in neutral zone.
14:35 of 3rd period - Snap shot by Ryder Rolston.
14:35 of 3rd period - Stopped by Sebastian Cossa with a rebound.
15:47 of 3rd period - Cross Hanas is hit by Nathan Gaucher and loses puck.
16:35 of 3rd period - Frank Nazar is hit by Jesse Puljujarvi and loses puck.
16:52 of 3rd period - Pavel Mintyukov is hit by Nathan Gaucher and loses puck.
17:13 of 3rd period - Icing by Jesse Puljujarvi.
17:14 of 3rd period - Jiri Kulich wins face-off versus Nate Danielson in Sarnia Sailors zone.
17:33 of 3rd period - Ryder Rolston is hit by Nate Danielson and loses puck.
Goals for this period are 1 for Sarnia Sailors vs 1 for Rhode Island Whales.
Shots for this period are 5 for Sarnia Sailors vs 11 for Rhode Island Whales.
Back to the Top